 Dungeon Crawl Stone Soup version 0.29.1-12-g30fa7ad0bf (webtiles) character file.

Game seed: 15158711260529356769

142 wormed the Chopper (level 5, 0/46 HPs)
             Began as a Minotaur Berserker on Dec 25, 2022.
             Was a Believer of Trog.
             Killed from afar by an orc wizard (7 damage)
             ... with a magic dart
             ... on level 3 of the Dungeon.
             The game lasted 00:03:52 (2805 turns).

wormed the Chopper (Minotaur Berserker)             Turns: 2805, Time: 00:03:54

Health: 0/46       AC:  3    Str: 24    XL:     5   Next: 3%
Magic:  4/4        EV: 16    Int:  4    God:    Trog [**....]
Gold:   49         SH:  0    Dex:  9    Spells: 4/4 levels left

rFire   . . .      SeeInvis .   a - +0 hand axe
rCold   . . .      Faith    .   (no shield)
rNeg    . . .      Spirit   .   p - +0 leather armour
rPois   .          Reflect  .   (helmet restricted)
rElec   .          Harm     .   (no cloak)
rCorr   .          Rampage  .   (no gloves)
Will    .....                   (no boots)
Stlth   +.........              (no amulet)
HPRegen 0.15/turn               g - +4 ring of evasion
MPRegen 0.09/turn               (no ring)

@: no status effects
A: horns 2, retaliatory headbutt
a: Renounce Religion, Berserk, Trog's Hand


You were on level 3 of the Dungeon.
You worshipped Trog.
Trog was pleased with you.
You visited 1 branch of the dungeon, and saw 3 of its levels.

You collected 89 gold pieces.
You spent 40 gold pieces at shops.

Inventory:

Hand Weapons
 a - a +0 hand axe (weapon)
Armour
 p - a +0 leather armour (worn)
Jewellery
 c - a ring of fire
 f - a +6 ring of dexterity
 g - a +4 ring of evasion (left hand)
Scrolls
 e - a scroll of blinking {unknown}
 h - a scroll of amnesia {unknown}
 i - 2 scrolls of enchant weapon {unknown}
 j - 2 scrolls of identify {unknown}
 k - a scroll of magic mapping {unknown}
 m - a scroll of fear {unknown}
 n - 2 scrolls of immolation {unknown}
 o - a scroll of enchant armour {unknown}
Potions
 d - a potion of attraction {unknown}
 l - a potion of brilliance {unknown}


   Skills:
 + Level 4.3 Fighting
 * Level 5.0 Axes
 + Level 3.2 Armour
 + Level 3.1 Dodging
 + Level 1.9 Shields


You had 4 spell levels left.
You didn't know any spells.
Your spell library was empty.

Dungeon Overview and Level Annotations

Branches:
Dungeon (3/15)

Altars:

Shops:
D:1 *


Innate Abilities, Weirdness & Mutations

You have a pair of horns on your head.
You reflexively headbutt those who attack you in melee.


Message History

The orc hits you with a +0 short sword.
You hit the orc.
You kill the orc!
Trog accepts your kill.
You hit the orc priest but do no damage.
The orc priest hits you but does no damage.
You hit the orc priest but do no damage.
The orc priest hits you with a +0 dagger.
You closely miss the orc priest. Your punch misses the orc priest.
The orc priest looks encouraged for a moment.
You hit the orc priest but do no damage.
You headbutt the orc priest.
The orc priest is heavily wounded.
The orc priest mumbles some strange prayers to Beogh against you.
Beogh smites you!
* * * LOW HITPOINT WARNING * * *
You closely miss the orc priest.
The orc priest is heavily wounded.
The orc priest closely misses you. You furiously retaliate!
You headbutt the orc priest. You slash the orc priest!
You kill the orc priest!
Trog accepts your kill.
Your Axes skill increases to level 5!
You have reached level 5!
You closely miss the frilled lizard. The frilled lizard bites you.
You slash the frilled lizard!
You kill the frilled lizard!
Trog accepts your kill.
You slash the kobold!
You kill the kobold!
Trog accepts your kill.
You hit the orc wizard. Your headbutt misses the orc wizard.
The orc wizard is moderately wounded.
The orc wizard gestures at you while chanting.
The magic dart hits you!
* * * LOW HITPOINT WARNING * * *
The orc wizard casts a spell at you. The magic dart hits you!
You die...

#....
.###...###
..K......###
.. .S.......
#. ....... #.
#....# #.
#)...#
#.##....#
#.@oS#### ##
####....# .
........#.#.#
#########.#.#
######...##.##
#.............
#.###.####..).
#.# #.# #..
#.# #.# #


You could see an orc wizard and an adder.

Vanquished Creatures
  An orc priest (D:3)
  An orc wizard (D:3)
  2 adders (D:2)
  A worm (D:2)
  A dart slug (D:1)
  6 orcs (D:3)
  4 ball pythons
  9 endoplasms
  A giant cockroach (D:1)
  6 goblins
  4 hobgoblins (D:1)
  2 jackals (D:1)
  4 kobolds
  2 quokkas (D:2)
  4 bats
  4 frilled lizards
  3 rats (D:1)
55 creatures vanquished.

Notes
Turn   | Place    | Note
-------+----------+-------------------------------------------
     0 | D:1      | wormed the Minotaur Berserker began the quest for the Orb.
     0 | D:1      | Reached XP level 1. HP: 19/19 MP: 0/0
     0 | D:1      | Found Baoxt's Assorted Antiques.
   253 | D:1      | Reached XP level 2. HP: 27/27 MP: 1/1
   281 | D:1      | Reached skill level 4 in Axes
  1006 | D:1      | Reached XP level 3. HP: 33/33 MP: 2/2
  1008 | D:1      | Reached skill level 1 in Shields
  1103 | D:1      | Bought a scroll labelled DOISTYAMAT for 20 gold pieces
  1103 | D:1      | Bought a scroll labelled CEPRAUCIYG for 20 gold pieces
  1387 | D:2      | Reached ** piety under Trog
  1419 | D:2      | Found a faded altar of an unknown god.
  2168 | D:2      | Reached XP level 4. HP: 36/40 MP: 3/3
  2802 | D:3      | Reached skill level 5 in Axes
  2802 | D:3      | Reached XP level 5. HP: 14/46 MP: 4/4
  2805 | D:3      | Killed from afar by an orc wizard

Illustrated notes

Levels and vault maps discovered:
D:1:      spicycebolla_arrival_clurvy, layout_basic, serial_shops, shop
D:2:      cheibrodos_helix_gallery, layout_basic,
          chequers_ecumenical_altar_grove, reono_crystal_passage
D:3:      layout_loops_ring, marbit_many_paths, uniq_natasha

Skill      XL: |  1  2  3  4 |
---------------+-------------+-----
Axes           | 4 5 |  5.0
Shields        | 1 |  1.9
Fighting       | 4 |  4.3
Armour         | 3 |  3.2
Dodging        | 3 |  3.1

Action                   |  1- 3 |  4- 6 || total
-------------------------+-------+-------++-------
Melee: Hand axe          |    87 |    52 ||   139
       Headbutt          |    12 |     6 ||    18
       Punch             |     1 |       ||     1
Armor: Animal skin       |     9 |     2 ||    11
       Leather armour    |       |     1 ||     1
Dodge: Dodged            |    51 |    25 ||    76
